AoeStats
← [Marty]TheEY

Oasis

509466643Analyzed
4v4 RM · 6d ago on Sep 26, 2026· 51m 23s· 8 players
Game mode
Random Map
Map size
Large (8 player)
Population
200
Speed
Normal
Resources
Standard
Victory
Conquest
Starting age
Dark Age
Ending age
Imperial Age
RankedLock teamsTeams togetherTeam positionsShared explorationLock speedFull tech treeHidden civsTurbo modeCheats
Victory
Defeat
🇦🇷 Celts · Argentina
1714
+16
🇦🇷 Maya · Argentina
1701
+16
🇮🇳 Koreans · India
1651
+18
🇭🇰 Jurchens · Hong Kong SAR China
1586
+22
🇳🇴 Mongols · Norway
1722
-19
🇳🇴 Armenians · Norway
1701
-18
🇳🇴 Vikings · Norway
1696
-18
🇳🇴 Malians · Norway
1689
-17
kerwin
6:25 Loom
9:06 Feudal Age
10:03 Double-Bit Axe
10:01 Horse Collar
12:42 Horse Collar
16:52 Wheelbarrow
19:35 Castle Age
19:24 Stone Mining
22:56 Scale Barding Armor
23:01 Forging
26:18 Chain Barding Armor
31:14 Iron Casting
34:19 Imperial Age
33:21 Hand Cart
33:07 Gold Mining
33:52 Stone Shaft Mining
34:50 Scale Mail Armor
34:11 Pikeman
34:52 Squires
34:37 Arson
34:34 Cavalier
34:51 Elite Fire Lancer
35:16 Halberdier
36:58 Chain Mail Armor
39:10 Plate Mail Armor
39:05 Conscription
39:11 Heavy Plow
42:35 Chemistry
41:56 Ballistics
41:46 Eupseong
42:53 Gold Shaft Mining
44:19 Siege Engineers
44:54 Heavy Rocket Cart
46:01 Caravan
46:31 Coinage
47:41 Treadmill Crane
47:47 Arrowslits
47:58 Murder Holes
49:59 Fletching
50:43 Bodkin Arrow
51:22 Banking
51:32 Bracer
51:45 Masonry
apNEA
9:20 Feudal Age
11:26 Horse Collar
16:14 Double-Bit Axe
18:30 Castle Age
16:46 Loom
17:14 Scale Barding Armor
17:11 Gold Mining
19:44 Bow Saw
23:24 Wheelbarrow
22:35 Town Watch
23:28 Wheelbarrow
28:07 Husbandry
27:27 Light Cavalry
34:19 Imperial Age
32:22 Scale Mail Armor
32:08 Gambesons
32:09 Arson
33:21 Stone Mining
33:50 Chain Mail Armor
33:46 Forging
34:35 Hand Cart
35:44 Plate Mail Armor
36:48 Iron Casting
38:36 Conscription
39:17 Blast Furnace
40:07 Elite Woad Raider
41:15 Ballistics
41:12 Heavy Plow
43:01 Coinage
43:12 Capped Ram
46:25 Gold Shaft Mining
47:11 Caravan
48:08 Guilds
50:26 Chemistry
50:30 Onager
50:37 Onager
[Marty]TheEY
6:38 Loom
8:35 Feudal Age
14:44 Double-Bit Axe
21:07 Castle Age
20:20 Horse Collar
20:53 Gold Mining
21:46 Fletching
21:19 Crossbowman
22:33 Bodkin Arrow
22:53 Bow Saw
26:29 Heavy Plow
29:44 Ballistics
30:51 Wheelbarrow
30:35 Padded Archer Armor
32:13 Hand Cart
35:28 Imperial Age
32:59 Stone Mining
33:58 Siege Engineers
37:15 Chemistry
40:54 Squires
43:43 Conscription
44:54 Thunderclap Bombs
46:31 Leather Archer Armor
48:15 Caravan
49:32 Ring Archer Armor
Franco Guanajuato
0:27 Loom
9:09 Feudal Age
10:25 Double-Bit Axe
19:38 Castle Age
17:44 Horse Collar
20:46 Bow Saw
25:08 Town Watch
25:44 Fletching
30:22 Imperial Age
28:19 Bodkin Arrow
29:11 Wheelbarrow
39:05 Bracer
41:22 Padded Archer Armor
41:58 Ballistics
42:18 Leather Archer Armor
43:07 Chemistry
44:09 Ring Archer Armor
44:56 Gold Mining
44:56 Stone Mining
47:15 Eagle Warrior
47:55 Squires
47:41 Arson
48:41 Holcans
48:50 Holcans
48:32 Scale Mail Armor
49:35 Chain Mail Armor
50:59 Plate Mail Armor
50:40 Forging
52:00 Conscription
51:18 Elite Eagle Warrior
[Nors] OG DADDY
5:07 Loom
6:20 Loom
8:35 Feudal Age
9:06 Man-at-Arms
12:37 Arson
16:26 Fletching
17:32 Double-Bit Axe
24:33 Castle Age
23:01 Horse Collar
23:41 Gold Mining
25:54 Bodkin Arrow
38:03 Wheelbarrow
38:34 Bow Saw
40:42 Hand Cart
44:17 Imperial Age
41:57 Padded Archer Armor
43:21 Leather Archer Armor
42:42 Elite Skirmisher
44:15 Ballistics
44:00 Stone Mining
46:00 Chemistry
45:03 Bracer
46:23 Hand Cart
48:19 Thumb Ring
51:15 Parthian Tactics
51:33 Bloodlines
51:29 Husbandry
[Nors] Laksen ><(((º>
10:47 Feudal Age
15:28 Castle Age
14:07 Horse Collar
14:14 Double-Bit Axe
22:49 Loom
22:50 Town Watch
28:29 Bow Saw
28:13 Gold Mining
28:13 Stone Mining
30:55 Imperial Age
28:54 Forging
28:44 Scale Mail Armor
29:14 Town Patrol
30:21 Iron Casting
30:12 Squires
31:09 Chain Mail Armor
31:44 Elite Varangian Guard
32:50 Arson
34:15 Blast Furnace
33:45 Plate Mail Armor
33:59 Plate Mail Armor
34:16 Capped Ram
36:59 Fletching
38:30 Chemistry
37:50 Ballistics
37:32 Man-at-Arms
38:13 Bodkin Arrow
38:55 Siege Ram
39:43 Bracer
41:13 Siege Engineers
46:05 Conscription
45:51 Chieftains
46:32 Padded Archer Armor
47:12 Bogsveigar
46:41 Crossbowman
47:18 Arbalester
48:36 Leather Archer Armor
47:42 Long Swordsman
50:02 Two-Man Saw
50:13 Ring Archer Armor
49:04 Pikeman
50:57 Caravan
[Nors]Zanato
5:08 Loom
9:14 Feudal Age
9:57 Double-Bit Axe
11:21 Horse Collar
21:09 Castle Age
19:21 Gold Mining
19:48 Scale Barding Armor
20:07 Bloodlines
21:54 Forging
21:11 Light Cavalry
21:52 Husbandry
23:18 Bow Saw
24:57 Iron Casting
30:24 Gold Shaft Mining
34:21 Imperial Age
32:51 Chain Barding Armor
36:05 Plate Barding Armor
35:39 Heavy Camel Rider
37:01 Cavalier
38:27 Wheelbarrow
37:56 Stone Mining
39:32 Chemistry
38:54 Farimba
39:14 Conscription
42:30 Coinage
42:05 Treadmill Crane
43:22 Scale Mail Armor
43:27 Squires
44:55 Banking
44:34 Heavy Plow
45:58 Crop Rotation
48:22 Elite Gbeto
50:11 Hand Cart
49:56 Fletching
[Nors] ImSimon
6:54 Loom
9:19 Feudal Age
10:31 Double-Bit Axe
16:25 Fletching
18:32 Town Watch
23:59 Castle Age
24:01 Crossbowman
24:38 Bodkin Arrow
25:51 Bow Saw
25:22 Horse Collar
25:33 Gold Mining
27:22 Sanctity
27:16 Redemption
28:24 Wheelbarrow
33:29 Gold Shaft Mining
40:22 Imperial Age
38:44 Squires
38:30 Gambesons
38:30 Arson
38:06 Man-at-Arms
38:53 Long Swordsman
39:51 Two-Handed Swordsman
41:33 Block Printing
41:44 Illumination
41:54 Theocracy
41:30 Fervor
41:22 Champion
42:03 Scale Mail Armor
42:14 Forging
43:35 Heavy Plow
44:03 Fereters
44:22 Conscription
44:23 Chain Mail Armor
44:43 Iron Casting
48:19 Elite Composite Bowman
Connection lost

Rejoining the realm…

Still unreachable

The connection could not be restored.

Session expired

The server has moved on; the page needs a fresh start.